 Dungeon Crawl Stone Soup version 0.25.1-4-g9407a263a5 (webtiles) character file.

Game seed: 14518330762808938272

1624 Gabide the Spear-Bearer (level 9, -4/65 HPs)
             Began as a Human Gladiator on Nov 27, 2020.
             Slain by an orc warrior
             ... wielding a +0 scimitar
              (12 damage)
             ... on level 7 of the Dungeon.
             The game lasted 00:18:02 (7838 turns).

Gabide the Spear-Bearer (Human Gladiator)           Turns: 7838, Time: 00:18:03

Health: -4/65      AC:  7    Str: 18    XL:     9   Next: 17%
Magic:  9/9        EV: 24    Int:  8    God:
Gold:   327        SH:  8    Dex: 15    Spells: 8/8 levels left

rFire    . . .     SeeInvis .   a - +2 trident
rCold    . . .     Gourm    .   o - +0 kite shield
rNeg     . . .     Faith    .   p - +0 scale mail
rPois    .         Spirit   .   c - +0 helmet
rElec    .         Reflect  .   (no cloak)
rCorr    .         Harm     .   (no gloves)
MR       .....                  (no boots)
Stlth    ..........             b - amulet of the acrobat
HPRegen  0.20/turn              (no ring)
MPRegen  0.11/turn              (no ring)

@: acrobat, slowed, heavily drained, very slow
A: no striking features
a: no special abilities


You were on level 7 of the Dungeon.
You were not hungry.

You visited 1 branch of the dungeon, and saw 7 of its levels.

You collected 327 gold pieces.

Inventory:

Hand Weapons
 a - a +2 trident (weapon)
Armour
 c - a +0 helmet (worn)
 o - a +0 kite shield (worn)
 p - a +0 scale mail (worn)
Jewellery
 b - an amulet of the acrobat (around neck)
 h - an uncursed amulet of magic regeneration
Wands
 k - a wand of flame (8)
Scrolls
 d - 3 scrolls of remove curse
 e - 3 scrolls of teleportation
 m - a scroll of magic mapping
 n - a scroll of fog
 q - a scroll of acquirement {unknown}
Potions
 g - a potion of stabbing
 i - a potion of lignification {unknown}
 j - 2 potions of brilliance
 l - a potion of flight
Comestibles
 f - 7 rations


   Skills:
 + Level 4.1(2.9) Fighting
 + Level 8.1(6.7) Polearms
 - Level 2.0(0.8) Throwing
 + Level 4.3(3.1) Armour
 + Level 4.9(3.6) Dodging
 - Level 1.1(0.0) Stealth
 * Level 3.0(1.8) Shields


You had 8 spell levels left.
You didn't know any spells.
Your spell library was empty.

Dungeon Overview and Level Annotations

Branches:
Dungeon (7/15)             Temple (0/1) D:7

Altars:
Dithmenos
Makhleb
Nemelex Xobeh


Message History

You block the orc wizard's attack.
The orc wizard gestures wildly while chanting.
The orc wizard flickers and vanishes!
The orc wizard points at you and mumbles some strange words.
You feel yourself slow down.
You hear some strange, mumbled words.
The orc wizard hits you but does no damage.
You hit the orc wizard.
The orc wizard is lightly wounded.
The orc wizard casts a spell.
The orc wizard blinks!
The orc wizard gestures at you while chanting.
The magic dart hits you.
* * * LOW HITPOINT WARNING * * *
The orc warrior barely misses you. You block something's attack.
A magic dart appears from out of thin air!
The magic dart hits something.
The orc warrior hits you with a +0 scimitar!
You die...

...## #####
....#####...##
....#.#......#
............##
.....#....######
#........###...#
#.......## #.⌠.#
......######...#######
.......#........@....##
..........⌠..>.oo.....#
.....##<..............#
......######...###...##
...#.....# #.⌠.# #.#.#
.(.#.....# #...###.###
.#(.#......##......##
((((...#...##.......#
#####.........#...###


You could see an orc warrior and an orc wizard (fast).

Vanquished Creatures
  An orc warrior (D:6)
  2 ogres
  2 centaurs
  A bullfrog (D:7)
  2 scorpions
  8 wights
  2 howler monkeys (D:5)
  3 crimson imps
  A hound (D:4)
  2 jellies (D:6)
  2 bullfrog skeletons
  An orc wizard (D:6)
  An iguana (D:6)
  4 worker ants
  A howler monkey zombie (D:5)
  12 adders
  2 adder zombies (D:5)
  An adder skeleton (D:4)
  5 worms
  A dart slug (D:2)
  5 leopard geckos
  4 orcs
  6 giant cockroaches
  8 goblins
  10 hobgoblins
  A quokka (D:4)
  4 ball pythons
  7 bats
  15 frilled lizards
  6 kobolds
  A leopard gecko skeleton (D:4)
  12 rats
133 creatures vanquished.

Vanquished Creatures (others)
  5 plants (D:6)
5 creatures vanquished.

Grand Total: 138 creatures vanquished

Notes
Turn   | Place    | Note
-------+----------+-------------------------------------------
     0 | D:1      | Gabide the Human Gladiator began the quest for the Orb.
     0 | D:1      | Reached XP level 1. HP: 16/16 MP: 1/1
    89 | D:1      | Reached XP level 2. HP: 2/22 MP: 2/2
   558 | D:1      | Reached XP level 3. HP: 28/28 MP: 3/3
  1121 | D:2      | Reached XP level 4. HP: 34/34 MP: 4/4
  1261 | D:2      | Reached skill level 4 in Polearms
  1522 | D:2      | Reached skill level 1 in Armour
  1522 | D:2      | Reached skill level 1 in Stealth
  1522 | D:2      | Reached XP level 5. HP: 30/39 MP: 5/5
  2687 | D:3      | Found a sparkling altar of Nemelex Xobeh.
  3026 | D:4      | Noticed an ogre
  3036 | D:4      | Killed an ogre
  3036 | D:4      | Reached skill level 5 in Polearms
  3036 | D:4      | Reached XP level 6. HP: 22/46 MP: 6/6
  3467 | D:4      | Found a burning altar of Makhleb.
  3523 | D:4      | Noticed a green death
  3526 | D:4      | Noticed a hellwing
  3526 | D:4      | Noticed a smoke demon
  3673 | D:4      | Reached XP level 7. HP: 48/52 MP: 7/7
  3828 | D:4      | Reached skill level 6 in Polearms
  4074 | D:5      | Entered Level 5 of the Dungeon
  4530 | D:5      | Found a shadowy altar of Dithmenos.
  4802 | D:6      | Reached XP level 8. HP: 58/58 MP: 8/8
  5271 | D:6      | Reached skill level 7 in Polearms
  5880 | D:6      | Reached skill level 1 in Shields
  7176 | D:6      | Reached XP level 9. HP: 23/65 MP: 9/9
  7515 | D:7      | Reached skill level 8 in Polearms
  7777 | D:7      | Found a staircase to the Ecumenical Temple.
  7838 | D:7      | Slain by an orc warrior

Illustrated notes

Levels and vault maps discovered:
D:1:      matt_arrival_diagonals, layout_basic
D:2:      layout_loops_ring, first_ration, hex_tiny, minmay_pentomino_v2
D:3:      layout_basic, kennysheep_flooded_box
D:4:      layout_basic, nrook_loot_triangle, makhleb_altar_promises_db
D:5:      layout_cave_pools, nicolae_dithmenos_the_darkroom
D:6:      layout_loops_corners, minmay_lizard_king
D:7:      minmay_the_grid_triangle_9x9_rhombus_full
          [minmay_the_grid_triangle_9x9_flanged_cone,
          minmay_the_grid_triangle_9x9_odd_lines,
          minmay_the_grid_triangle_9x9_zippers_vertical,
          minmay_the_grid_triangle_9x9_windchime,
          minmay_the_grid_triangle_9x9_semitri,
          minmay_the_grid_triangle_9x9_minimal,
          minmay_the_grid_triangle_9x9_pentomino_pain,
          minmay_the_grid_triangle_9x9_prize_insulated], layout_cave_pools,
          tso_altar, minmay_temple_entry_junction, eino_curves_03,
          minmay_misc_feat_doors

Skill      XL: |  1  2  3  4  5  6  7  8  9 |
---------------+----------------------------+-----
Polearms       | 4 5 6 7 8 |  8.1
Armour         | 1 2 3 4 |  4.3
Stealth        | 1 |  1.1
Fighting       | 3 4 |  4.1
Dodging        | 4 |  4.9
Shields        | 2 3 |  3.0
Throwing       | |  2.0

Action                   |  1- 3 |  4- 6 |  7- 9 || total
-------------------------+-------+-------+-------++-------
Melee: Trident           |   100 |   206 |   295 ||   601
Throw: Throwing net      |       |     7 |       ||     7
Evoke: Wand              |       |       |     3 ||     3
  Use: Scroll            |     2 |    12 |     9 ||    23
       Potion            |       |     2 |     6 ||     8
 Stab: Sleeping          |     4 |     2 |       ||     6
       Invisible         |       |     2 |     1 ||     3
       Held in net/web   |       |     3 |       ||     3
  Eat: Chunk             |     1 |     5 |     4 ||    10
       Ration            |       |     1 |     3 ||     4
Armor: Leather armour    |    26 |    13 |       ||    39
       Scale mail        |       |    31 |    68 ||    99
Dodge: Dodged            |    53 |    95 |    99 ||   247
Block: Kite shield       |       |       |    66 ||    66
